 Dungeon Crawl Stone Soup version 0.29-a0-757-g358383bc75 (webtiles) character file.

Game seed: 15331808025919433999

13 happo123 the Vexing (level 2, 17/23 HPs)
             Began as a Gnoll Arcane Marksman on June 30, 2022.
             Quit the game on level 1 of the Dungeon.
             The game lasted 00:03:37 (187 turns).

happo123 the Vexing (Gnoll Arcane Marksman)          Turns: 187, Time: 00:03:38

Health: 17/23      AC:  2    Str:  9    XL:     2   Next: 37%
Magic:  5/5        EV: 13    Int: 12    God:
Gold:   37         SH:  0    Dex: 12    Spells: 5/6 levels left

rFire   . . .      SeeInvis .   a - +0 sling
rCold   . . .      Faith    .   (no shield)
rNeg    . . .      Spirit   .   c - +0 robe
rPois   .          Reflect  .   (no helmet)
rElec   .          Harm     .   (no cloak)
rCorr   .          Rampage  .   (no gloves)
Will    .....                   (no boots)
Stlth   +.........              (no amulet)
HPRegen 0.07/turn               (no ring)
MPRegen 0.09/turn               (no ring)

@: no status effects
A: fangs 1, strong nose, distributed training
a: no special abilities


You were on level 1 of the Dungeon.
You visited 1 branch of the dungeon, and saw 1 of its levels.

You collected 37 gold pieces.

Inventory:

Hand Weapons
 a - a +0 sling (weapon)
Armour
 c - a +0 robe (worn)
Scrolls
 b - a scroll of vulnerability
 d - a scroll of enchant weapon {unknown}
 g - a scroll of teleportation {unknown}
Potions
 e - a potion of curing {unknown}
 f - a potion of heal wounds {unknown}
 h - a potion of invisibility {unknown}


   Skills:
 + Level 2.5 Fighting
 + Level 0.4 Short Blades
 + Level 0.4 Long Blades
 + Level 0.4 Axes
 + Level 0.4 Maces & Flails
 + Level 0.4 Polearms
 + Level 0.4 Staves
 + Level 4.5 Ranged Weapons
 + Level 0.4 Throwing
 + Level 0.4 Armour
 + Level 4.5 Dodging
 + Level 0.4 Stealth
 + Level 0.4 Shields
 + Level 0.4 Unarmed Combat
 + Level 2.7 Spellcasting
 + Level 0.2 Conjurations
 + Level 5.3 Hexes
 + Level 0.2 Summonings
 + Level 0.2 Necromancy
 + Level 0.2 Translocations
 + Level 0.2 Transmutations
 + Level 0.2 Fire Magic
 + Level 0.2 Ice Magic
 + Level 0.2 Air Magic
 + Level 0.2 Earth Magic
 + Level 0.2 Poison Magic
 + Level 0.5 Invocations
 + Level 0.4 Evocations


You had 5 spell levels left.
You knew the following spells:

 Your Spells              Type           Power      Damage    Failure   Level
a - Slow                  Hex            56%        N/A       2%          1

Your spell library contained the following spells:

 Spells                   Type           Power      Damage    Failure   Level
 Inner Flame              Hex/Fire       8%         N/A       24%         3
 Portal Projectile        Hex/Tloc       16%        N/A       24%         3
 Cause Fear               Hex            7%         N/A       28%         4
 Blink                    Tloc           4%         N/A       34%         2
 Lesser Beckoning         Tloc           2%         N/A       56%         3
 Manifold Assault         Tloc           2%         N/A       99%         5


Dungeon Overview and Level Annotations

Branches:
Dungeon (1/15)

Altars:


Innate Abilities, Weirdness & Mutations

You have very sharp teeth.
Your uncanny sense of smell can sniff out nearby items.
Your experience applies equally to all skills.


Message History

You see here 3 gold pieces.
Fire: a) +0 sling
Press: ? - help, Shift-Dir - straight line, f - quokka
Aim: a quokka (asleep)
You shoot a sling bullet.
The sling bullet hits the quokka but does no damage.
Fire: a) +0 sling
Press: ? - help, Shift-Dir - straight line, f/p - quokka
Aim: a quokka You shoot a sling bullet.
The sling bullet misses the quokka.
Aiming: Slow (safe; 2% risk of failure)
Press: ? - help, Q - select action, (/) - cycle Shift-Dir - straight line, f/p - quokka
Aim: a quokka (chance to affect: 71%)
The quokka seems to slow down.
Fire: a) +0 sling
Press: ? - help, Shift-Dir - straight line, f/p - quokka
Aim: a quokka (slow)
You shoot a sling bullet. The sling bullet hits the quokka.
The quokka is lightly wounded.
Fire: a) +0 sling
Press: ? - help, Shift-Dir - straight line, f/p - quokka
Aim: a quokka (lightly wounded, slow)
You shoot a sling bullet.
The sling bullet barely misses the quokka.
The quokka closely misses you.
You see here 3 gold pieces.
Fire: a) +0 sling
Press: ? - help, Shift-Dir - straight line, f/p - quokka
Aim: a quokka (lightly wounded, slow)
You shoot a sling bullet.
The sling bullet closely misses the quokka.
Fire: a) +0 sling
Press: ? - help, Shift-Dir - straight line, f/p - quokka
Aim: a quokka (lightly wounded, slow)
You shoot a sling bullet.
The sling bullet closely misses the quokka.
The quokka bites you.
Are you sure you want to abandon this character and quit the game? (Confirm with "yes".)
Okay, then.
Are you sure you want to abandon this character and quit the game? (Confirm with "yes".)

## .# .# .# .#
.# ########.#
#@r...$..#
#.#######......
#.# .....
###.###### ....
#........# ###
#........#
#...[....# ####
###.######
###... #.#
......


You could see a quokka (slow).

Vanquished Creatures
  2 ball pythons (D:1)
  A bat (D:1)
  3 goblins (D:1)
  A hobgoblin (D:1)
  3 jackals (D:1)
10 creatures vanquished.

Notes
Turn   | Place    | Note
-------+----------+-------------------------------------------
     0 | D:1      | happo123 the Gnoll Arcane Marksman began the quest for the
                  | Orb.
     0 | D:1      | Reached XP level 1. HP: 17/17 MP: 4/4
    46 | D:1      | Reached XP level 2. HP: 12/23 MP: 2/5
   187 | D:1      | Quit the game

Illustrated notes

Levels and vault maps discovered:
D:1:      elethiomel_arrival_shortcut, layout_basic,
          shapermc_ecumenical_altar_notcrosses, hangedman_decor_lopped,
          skrybe_limestone_x

Action                   || total
-------------------------++-------
 Fire: Sling             ||    33
 Cast: Slow              ||     5
Armor: Robe              ||     5
Dodge: Dodged            ||    13

Table legend: (Time is in decaauts)
 A = Elapsed time spent in this place.
 B = Non-inter-level travel time spent in this place.
 C = Inter-level travel time spent in this place.
 D = Time resting spent in this place.
 E = Time spent auto-exploring this place.
 F = Levels seen in this place.
 G = Mean time per level.
                   A        B        C        D        E       F      G
               +--------+--------+--------+--------+--------+-----+--------+
         Total |    193 |     94 |     99 |      0 |     21 |   1 |  193.0 |
       Dungeon |    193 |     94 |     99 |      0 |     21 |   1 |  193.0 |
               +--------+--------+--------+--------+--------+-----+--------+

Top non-repeatable levels by time:
     D:1: 193 daAuts
